 Dungeon Crawl Stone Soup version 0.29.1-1-gd02db6906a (webtiles) character file.

Game seed: 13697227387104663514

36 Godmorgon the Gusty (level 3, -1/19 HPs)
             Began as a Tengu Air Elementalist on Oct 15, 2022.
             Succumbed to Sigmund's poison
             ... on level 2 of the Dungeon.
             The game lasted 00:03:13 (1688 turns).

Godmorgon the Gusty (Tengu Air Elementalist)        Turns: 1688, Time: 00:03:14

Health: -1/19      AC:  2    Str:  8    XL:     3   Next: 37%
Magic:  3/7        EV: 12    Int: 17    God:
Gold:   53         SH:  0    Dex: 14    Spells: 3/6 levels left

rFire   . . .      SeeInvis .   a - +0 dagger (drain)
rCold   . . .      Faith    .   (no shield)
rNeg    . . .      Spirit   .   f - +0 robe
rPois   .          Reflect  .   (helmet restricted)
rElec   .          Harm     .   (no cloak)
rCorr   .          Rampage  .   (no gloves)
Will    .....                   (boots unavailable)
Stlth   ++........              (no amulet)
HPRegen 0.06/turn               h - ring of flight
MPRegen 0.10/turn               (no ring)

@: lethally poisoned (-1 -> -18), flying
A: beak, talons 3
a: no special abilities


You were on level 2 of the Dungeon.
You visited 1 branch of the dungeon, and saw 2 of its levels.

You collected 53 gold pieces.

Inventory:

Hand Weapons
 a - a +0 dagger of draining (weapon)
Armour
 f - a +0 robe (worn)
Jewellery
 h - a ring of flight (left hand)
Scrolls
 c - a scroll of teleportation {unknown}
 e - 2 scrolls of immolation {unknown}
 g - a scroll of noise {unknown}
Potions
 b - a potion of magic
 d - a potion of degeneration {unknown}
 i - a potion of invisibility {unknown}


   Skills:
 - Level 2.1 Dodging
 - Level 2.0 Stealth
 + Level 2.4 Spellcasting
 + Level 2.3 Conjurations
 * Level 5.0 Air Magic


You had 3 spell levels left.
You knew the following spells:

 Your Spells              Type           Power      Damage    Failure   Level
d - Static Discharge      Conj/Air       14%        3-5/arc   6%          2
s - Shock                 Conj/Air       56%        1d6       4%          1

Your spell library contained the following spells:

 Spells                   Type           Power      Damage    Failure   Level
 Swiftness                Air            19%        N/A       7%          3
 Airstrike                Air            9%         2d(2-18)  24%         4


Dungeon Overview and Level Annotations

Branches:
Dungeon (2/15)

Altars:

Annotations:
D:2 Sigmund


Innate Abilities, Weirdness & Mutations

You have a beak for a mouth.
You have claws for feet.


Message History

Casting: Static Discharge (safe; 7% risk of failure)
Confirm with . or Enter, or press ? or * to list all spells.
The adder is struck by an arc of lightning.
The adder is almost dead.
You are struck by an arc of lightning.
The lightning grounds out.
You feel sick. The adder bites you. The adder barely misses you.
Casting: Static Discharge (safe; 7% risk of failure)
Confirm with . or Enter, or press ? or * to list all spells.
The adder is struck by an arc of lightning!
You kill the adder!
You are struck by an arc of lightning.
The lightning grounds out.
You feel sick.
Your Air Magic skill increases to level 5!
You feel sick.
You feel sick.
You feel sick.
You are no longer poisoned.
Magic restored.
HP restored.
Sigmund the Dreaded comes into view.
He is wielding a +2 scythe of venom and carrying a wand of quicksilver (10).
Casting: Static Discharge (safe; 6% risk of failure)
Confirm with . or Enter, or press ? or * to list all spells.
Sigmund is struck by an arc of lightning.
Sigmund shouts!
Sigmund is moderately wounded.
You are struck by an arc of lightning.
The lightning grounds out.
Sigmund hits you with a +2 scythe of venom!
Ouch! That really hurt!
* * * LOW HITPOINT WARNING * * *
You are lethally poisoned!
Casting: Static Discharge (safe; 6% risk of failure)
Confirm with . or Enter, or press ? or * to list all spells.
Sigmund is struck by an arc of lightning!
Sigmund is heavily wounded.
You are struck by an arc of lightning.
* * * LOW HITPOINT WARNING * * *
Sigmund is struck by an arc of lightning.
Sigmund is severely wounded.
The lightning grounds out.
You die...

## ############# .#
........... .# #
#@........ ###.###.#
#@#.... ........#
####.#.#... ##<..##
#........... ...#..#
#.####.###.. ##....# #.#
#.# ##.#.# #.# #.##
###.#.## #.# #..#
.......## #.# ##.#
####....#####.#####.###.#


You could see Sigmund.

Vanquished Creatures
  An adder (D:2)
  A bat (D:1)
  An endoplasm (D:1)
  4 hobgoblins (D:1)
  5 kobolds (D:1)
  4 quokkas (D:1)
  2 ball pythons (D:1)
  A frilled lizard (D:1)
  3 goblins (D:1)
  3 rats (D:1)
25 creatures vanquished.

Vanquished Creatures (others)
  27 plants
27 creatures vanquished.

Grand Total: 52 creatures vanquished

Notes
Turn   | Place    | Note
-------+----------+-------------------------------------------
     0 | D:1      | Godmorgon the Tengu Air Elementalist began the quest for
                  | the Orb.
     0 | D:1      | Reached XP level 1. HP: 10/10 MP: 4/4
   279 | D:1      | Reached XP level 2. HP: 12/15 MP: 0/6
   282 | D:1      | Learned a level 2 spell: Static Discharge
  1102 | D:1      | Reached XP level 3. HP: 18/19 MP: 4/7
  1427 | D:2      | Reached skill level 5 in Air Magic
  1667 | D:2      | Noticed Sigmund
  1688 | D:2      | Succumbed to Sigmund's poison

Illustrated notes

Levels and vault maps discovered:
D:1:      roderic_crop_circles_arrival_small, layout_loops_cross
D:2:      layout_loops_ring, shapermc_ecumenical_altar_hornbeckon,
          minmay_pentomino_t4, uniq_sigmund, uniq_crazy_yiuf_cottage

Skill      XL: |  1  2  3 |
---------------+----------+-----
Conjurations   | 2 |  2.3
Air Magic      | 5 |  5.0
Dodging        | |  2.1
Stealth        | |  2.0
Spellcasting   | |  2.4

Action                   || total
-------------------------++-------
Melee: Unarmed           ||     3
       Kick              ||    10
       Peck              ||    10
       Dagger            ||    21
 Cast: Shock             ||    19
       Static Discharge  ||    17
Armor: Robe              ||     5
Dodge: Dodged            ||    11
